 Dungeon Crawl Stone Soup version 0.20.1-1-g8b1a95d (webtiles) character file.

618 polve the Caller (level 7, -1/36 HPs)
             Began as a Kobold Summoner on July 30, 2017.
             Slain by an orc wizard
             ... wielding a +0 dagger
              (2 damage)
             ... on level 5 of the Dungeon.
             The game lasted 00:11:58 (8248 turns).

polve the Caller (Kobold Summoner)                  Turns: 8248, Time: 00:11:59

Health: -1/36      AC:  5    Str:  5    XL:     7   Next: 74%
Magic:  0/10       EV: 15    Int: 19    God:
Gold:   203        SH:  0    Dex: 15    Spells: 2/10 levels left

rFire    . . .     SeeInvis .   m - +1 whip (elec)
rCold    . . .     Gourm    .   (shield restricted)
rNeg     . . .     Faith    .   a - +0 robe
rPois    .         Spirit   +   r - +1 helmet
rElec    .         Reflect  .   (no cloak)
rCorr    .         Harm     .   (no gloves)
MR       .....                  y - +0 pair of boots
Stlth    +++++.....             k - amulet of guardian spirit
Regen    0.2/turn               n - ring of stealth
MPRegen  0.2/turn               w - ring of stealth

@: no status effects
A: carnivore 3
a: no special abilities


You were on level 5 of the Dungeon.
You were very full.

You visited 2 branches of the dungeon, and saw 6 of its levels.

You collected 203 gold pieces.

Inventory:

Hand Weapons
 m - a +1 whip of electrocution (weapon)
Armour
 a - a +0 robe (worn)
 r - a +1 helmet (worn)
 y - a +0 pair of boots (worn)
Jewellery
 k - an amulet of guardian spirit (around neck)
 n - a ring of stealth (left hand)
 w - a ring of stealth (right hand)
 z - a +3 ring of intelligence {unknown}
Wands
 A - a wand of random effects (31/48)
Scrolls
 e - 2 scrolls of noise {unknown}
 g - a scroll of fog {unknown}
 h - a scroll of fear {unknown}
 i - 3 scrolls of teleportation {unknown}
 j - 2 scrolls of recharging {unknown}
 l - 3 scrolls of immolation {unknown}
 o - 4 scrolls of identify {unknown}
 p - a scroll of enchant armour {unknown}
 t - 2 scrolls of remove curse {unknown}
 u - a scroll of amnesia {unknown}
Potions
 d - a potion of heal wounds
 f - a potion of curing
 q - a potion of might {unknown}
 B - a potion of cancellation {unknown}
Books
 b - a book of Callings

   Spells                             Type                      Level
   a - Summon Small Mammal            Summoning                    1
   b - Call Imp                       Summoning                    2
   c - Call Canine Familiar           Summoning                    3
   d - Summon Guardian Golem          Hexes/Summoning              3
   e - Summon Lightning Spire         Summoning/Air                4
   f - Summon Ice Beast               Ice/Summoning                4
 s - a book of Necromancy

   Spells                             Type                      Level
   a - Pain                           Necromancy                   1
   b - Animate Skeleton               Necromancy                   1
   c - Vampiric Draining              Necromancy                   3
   d - Regeneration                   Charms/Necromancy            3
   e - Animate Dead                   Necromancy                   4
   f - Control Undead                 Necromancy                   4
 v - a book of Minor Magic

   Spells                             Type                      Level
   a - Magic Dart                     Conjuration                  1
   b - Blink                          Translocation                2
   c - Call Imp                       Summoning                    2
   d - Slow                           Hexes                        2
   e - Conjure Flame                  Conjuration/Fire             3
   f - Mephitic Cloud                 Conjuration/Poison/Air       3
Comestibles
 c - a meat ration
 x - 2 royal jellies
 C - 5 chunks of flesh


   Skills:
 - Level 2.4 Dodging
 + Level 5.2 Stealth
 - Level 2.1 Spellcasting
 + Level 6.9 Summonings
 - Level 4.1 Translocations


You had 2 spell levels left.
You knew the following spells:

 Your Spells              Type           Power        Failure   Level  Hunger
a - Call Imp              Summ           ####....     1%          2    ##.....
b - Blink                 Tloc           N/A          4%          2    ##.....
c - Call Canine Familiar  Summ           ####....     2%          3    ###....
d - Summon Small Mammal   Summ           ####         1%          1    #......


Dungeon Overview and Level Annotations

Branches:
Dungeon (5/15)             Temple (1/1) D:5

Altars:
Ashenzari
Cheibriados
Dithmenos
Elyvilon
Fedhas
Gozag
Hepliaklqana
Makhleb
Nemelex Xobeh
Okawaru
Qazlal
Ru
Sif Muna
Trog
Uskayaw
Vehumet
Xom
Yredelemnul
Zin

Annotations:
D:5 exclusion: oklob plant


Innate Abilities, Weirdness & Mutations

You are small and have problems with some larger weapons.
You are carnivorous and can eat meat at any time.


Message History

* * * LOW HITPOINT WARNING * * *
Something hits you.
* * * LOW HITPOINT WARNING * * *
You hit the orc wizard.
Lightning courses through the orc wizard!
The orc wizard is heavily wounded.
The orc wizard points at you and mumbles some strange words.
The magic dart hits you!
* * * LOW HITPOINT WARNING * * *
The orc hits you with a short sword.
* * * LOW HITPOINT WARNING * * *
Something barely misses you.
Casting: Call Imp
Confirm with . or Enter, or press ? or * to list all spells.
You don't have enough magic to cast that spell.
You swap places.
Something hits your crimson imp but does no damage.
Your crimson imp barely misses the orc wizard.
The orc wizard hits you with a dagger.
You die...

#..<........#...
#...........#...
##...........#...
##..........######
#.................
#.........#.......
#.................
###........)........
#..@............##..
#.oo............'...
#.)5##..........#...
#8.S{8########.#.#.##
##...## ....... #...#
...... #...# #..#..
⌠...8 ##...#


You could see an orc wizard, an adder, an orc and a friendly crimson imp.

Vanquished Creatures
  3 slaves
  A centaur (D:5)
  A crimson imp (D:5)
  A jelly (D:5)
  A centaur skeleton (D:5)
  A hound (D:5)
  Jessica (D:2)
  Ijyb (D:4)
  4 worker ants
  2 gnolls (D:3)
  5 adders
  A shadow imp (D:5)
  An ooze (D:2)
  2 adder skeletons
  A worm (D:2)
  4 dart slugs
  A leopard gecko (D:4)
  5 orcs
  A ball python (D:4)
  8 bats
  3 giant cockroaches
  9 goblins
  11 hobgoblins
  7 jackals
  4 kobolds
  3 quokkas
  A ball python skeleton (D:3)
  4 frilled lizards
  A jackal skeleton (D:3)
  9 rats
97 creatures vanquished.

Vanquished Creatures (collateral kills)
  An ogre (D:5)
  An orc priest (D:5)
  A gnoll (D:3)
  2 adders
  A worm (D:2)
  3 hobgoblins
  A jackal (D:2)
  A kobold (D:1)
  A bat (D:1)
  A quokka skeleton (D:5)
13 creatures vanquished.

Grand Total: 110 creatures vanquished

Notes
Turn   | Place    | Note
-------+----------+-------------------------------------------
     0 | D:1      | polve the Kobold Summoner began the quest for the Orb.
     0 | D:1      | Reached XP level 1. HP: 10/10 MP: 3/3
   366 | D:1      | Reached XP level 2. HP: 15/15 MP: 5/5
   588 | D:1      | Learned a level 2 spell: Call Imp
  1257 | D:1      | Reached XP level 3. HP: 19/19 MP: 6/6
  1560 | D:1      | Reached skill level 5 in Summonings
  2502 | D:2      | Reached XP level 4. HP: 11/24 MP: 2/7
  2665 | D:2      | Found a faded altar of an unknown god.
  2683 | D:2      | Found a glowing silver altar of Zin.
  3265 | D:2      | Noticed Jessica
  3871 | D:2      | Found a deep blue altar of Sif Muna.
  3989 | D:2      | Killed Jessica
  4147 | D:2      | Reached XP level 5. HP: 22/28 MP: 8/8
  4800 | D:3      | Learned a level 3 spell: Call Canine Familiar
  4867 | D:3      | Reached skill level 6 in Summonings
  5854 | D:4      | Found a white marble altar of Elyvilon.
  5859 | D:4      | Found a shadowy altar of Dithmenos.
  5859 | D:4      | Found a basalt altar of Yredelemnul.
  5895 | D:4      | Reached XP level 6. HP: 11/32 MP: 3/9
  6208 | D:4      | Learned a level 2 spell: Blink
  6224 | D:4      | Noticed Ijyb
  6227 | D:4      | Noticed a slave
  6227 | D:4      | Noticed a slave
  6233 | D:4      | Killed Ijyb
  6233 | D:4      | Reached skill level 1 in Translocations
  6234 | D:4      | Noticed a slave
  6235 | D:4      | Noticed a slave
  6274 | D:3      | Killed a slave
  6682 | D:3      | Killed a slave
  6962 | D:4      | Killed a slave
  7292 | D:5      | Entered Level 5 of the Dungeon
  7594 | D:5      | Found a blossoming altar of Fedhas.
  7607 | D:5      | Noticed an oklob plant
  7891 | D:5      | Found a staircase to the Ecumenical Temple.
  7895 | D:5      | Reached XP level 7. HP: 36/36 MP: 7/10
  7921 | Temple   | Entered the Ecumenical Temple
  8165 | D:5      | Reached skill level 5 in Stealth
  8246 | D:5      | HP: 1/36 [orc/short sword (2)]
  8248 | D:5      | Slain by an orc wizard

Skill      XL: |  1  2  3  4  5  6  7 |
---------------+----------------------+-----
Summonings     | 5 6 |  6.9
Stealth        | 3 4 5 |  5.2
Translocations | 3 4 |  4.1
Dodging        | |  2.4
Spellcasting   | |  2.1

Action                   |  1- 3 |  4- 6 |  7- 9 || total
-------------------------+-------+-------+-------++-------
Melee: Short sword       |   148 |   155 |       ||   303
       Unarmed           |     9 |       |       ||     9
       Whip              |       |   156 |    37 ||   193
 Cast: Summon Small Mamm |     2 |       |       ||     2
       Call Imp          |     8 |    26 |     4 ||    38
  Use: Potion            |       |     1 |       ||     1
 Stab: Distracted        |     1 |     1 |       ||     2
       Sleeping          |     3 |    13 |     1 ||    17
  Eat: Chunk             |    14 |    19 |     1 ||    34
Armor: Robe              |    42 |    55 |    13 ||   110
Dodge: Dodged            |   133 |   294 |    25 ||   452
